 Dungeon Crawl Stone Soup version 0.28-a0-1447-ga5a8893891 (webtiles) character file.

Game seed: 7203436769407034889

83 Hasart the Skirmisher (level 4, -2/31 HPs)
             Began as an Octopode Fighter on Jan 10, 2022.
             Hit by a boomerang thrown by an orc (5 damage)
             ... on level 3 of the Dungeon.
             The game lasted 00:02:18 (1831 turns).

Hasart the Skirmisher (Octopode Fighter)            Turns: 1831, Time: 00:02:18

Health: -2/31      AC:  1    Str: 17    XL:     4   Next: 44%
Magic:  4/4        EV: 13    Int: 10    God:
Gold:   78         SH:  4    Dex: 11    Spells: 3/3 levels left

rFire   . . .      SeeInvis .   a - +0 trident
rCold   . . .      Faith    .   b - +0 buckler
rNeg    . . .      Spirit   .   (helmet restricted)
rPois   .          Reflect  .   (no amulet)
rElec   .          Harm     .   (no ring)
rCorr   .          Rampage  .   (no ring)
Will    .....                   (no ring)
Stlth   ++........              (no ring)
HPRegen 0.10/turn               (no ring)
MPRegen 0.09/turn               (no ring)
                                (no ring)
                                (no ring)

@: no status effects
A: almost no armour, amphibious, 8 rings, camouflage 1, gelatinous body 1,
(nimble swimmer 1), tentacles
a: no special abilities


You were on level 3 of the Dungeon.
You visited 1 branch of the dungeon, and saw 3 of its levels.

You collected 78 gold pieces.

Inventory:

Hand Weapons
 a - a +0 trident (weapon)
Armour
 b - a +0 buckler (worn)
Scrolls
 d - 3 scrolls of identify {unknown}
 g - a scroll of immolation {unknown}
Potions
 c - a potion of might
 e - a potion of curing {unknown}
 f - a potion of resistance {unknown}


   Skills:
 + Level 3.5 Fighting
 * Level 3.2 Polearms
 + Level 3.4 Dodging
 + Level 3.5 Shields


You had 3 spell levels left.
You didn't know any spells.
Your spell library was empty.

Dungeon Overview and Level Annotations

Branches:
Dungeon (3/15)

Altars:


Innate Abilities, Weirdness & Mutations

You cannot wear most types of armour.
You are amphibious.
You can wear up to eight rings at the same time.
Your skin changes colour to match your surroundings (Stealth+).
Your rubbery body absorbs attacks. (AC +1, EV +1)
((You are camouflaged when in or above water. (Stealth+)))
You have tentacles for arms and can constrict up to eight enemies at once.


Message History

You puncture the hobgoblin!
You kill the hobgoblin!
Done exploring.
Done exploring.
Done exploring.
(D) Dungeon
Where to? (Enter - D:2, ? - help)
There is a stone staircase leading down here.
You climb downwards.
Found an escape hatch in the floor.
Found a stone staircase leading down.
There is a stone staircase leading up here.
An orc priest is nearby!
A worm comes into view.
The orc priest shouts!
You hear a shout! 2 orcs come into view.
The orc shouts!
The orc throws a boomerang.
The boomerang misses you.
The orc priest mumbles some strange prayers to Beogh against you.
Beogh smites you!
Ouch! That really hurt!
You barely miss the orc priest. You grab the orc priest.
You constrict the orc priest.
The orc priest looks satisfied for a moment.
The orc priest escapes!
You barely miss the orc priest. Your grab misses the orc priest.
Your squeeze misses the orc priest.
The orc priest is lightly wounded.
The orc throws a boomerang.
The boomerang hits you. You block the orc priest's attack.
Unknown command.
You puncture the orc priest! You grab the orc priest.
You squeeze the orc priest.
You kill the orc priest!
The orc hits you with a +0 flail!
* * * LOW HITPOINT WARNING * * *
You have reached level 4!
The orc throws a boomerang.
The boomerang barely misses you.
There is a stone staircase leading up here.
The orc throws a boomerang.
The boomerang hits you.
You die...

.. ...
...##+#######
#..........#
#..........#
#>.........#
#.....@.o..#
#.......o..#
#..........#
#.....####.......
#..... .......
#..... .......
#..>.. .......
#..... ..o....
#..... .......


You could see 2 orcs.

Vanquished Creatures
  An orc priest (D:3)
  A gnoll (D:1)
  A dart slug (D:1)
  3 ball pythons
  5 bats
  6 endoplasms
  2 giant cockroaches
  5 hobgoblins
  6 jackals (D:2)
  A frilled lizard (D:1)
  2 goblins
  2 kobolds
  3 rats
38 creatures vanquished.

Notes
Turn   | Place    | Note
-------+----------+-------------------------------------------
     0 | D:1      | Hasart the Octopode Fighter began the quest for the Orb.
     0 | D:1      | Reached XP level 1. HP: 16/16 MP: 1/1
    24 | D:1      | Reached XP level 2. HP: 9/21 MP: 2/2
   537 | D:1      | You fall into a shaft and drop 1 floor!
   593 | D:2      | Reached XP level 3. HP: 26/26 MP: 3/3
  1829 | D:3      | Reached XP level 4. HP: 3/31 MP: 4/4
  1831 | D:3      | Hit by a boomerang thrown by an orc

Illustrated notes

Levels and vault maps discovered:
D:1:      tarquinn_simple_flora_water_a, layout_basic, nrook_mini_backslash,
          minmay_cut_off
D:2:      layout_basic
D:3:      layout_basic, nicolae_yredelemnul_ghost_church, amcnicky_altar_gilded,
          basic_ecumenical_altar

Skill      XL: |  1  2  3 |
---------------+----------+-----
Polearms       | 3 |  3.2
Fighting       | |  3.5
Dodging        | |  3.4
Shields        | |  3.5

Action                   |  1- 3 |  4- 6 || total
-------------------------+-------+-------++-------
Melee: Trident           |    71 |       ||    71
       Constrict         |    10 |       ||    10
       Tentacles         |     6 |       ||     6
       Punch             |     2 |       ||     2
 Stab: Sleeping          |     4 |       ||     4
Armor: Skin              |     9 |       ||     9
Dodge: Dodged            |    31 |     1 ||    32
Block: Buckler           |    20 |       ||    20

Table legend: (Time is in decaauts)
 A = Elapsed time spent in this place.
 B = Non-inter-level travel time spent in this place.
 C = Inter-level travel time spent in this place.
 D = Time resting spent in this place.
 E = Time spent auto-exploring this place.
 F = Levels seen in this place.
 G = Mean time per level.
                   A        B        C        D        E       F      G
               +--------+--------+--------+--------+--------+-----+--------+
         Total |   1846 |   1808 |     38 |      0 |   1582 |   3 |  615.3 |
       Dungeon |   1846 |   1808 |     38 |      0 |   1582 |   3 |  615.3 |
               +--------+--------+--------+--------+--------+-----+--------+

Top non-repeatable levels by time:
     D:1: 976 daAuts
     D:2: 853 daAuts
     D:3: 17 daAuts
